 Dungeon Crawl Stone Soup version 0.27.1-33-g824d729ab1 (webtiles) character file.

Game seed: 6069144665735925089

115 McKennaii the Magician (level 4, 0/33 HPs)
             Began as a Demigod Conjurer on Dec 6, 2021.
             Succumbed to Terence's poison
             ... on level 1 of the Dungeon.
             The game lasted 00:03:45 (2008 turns).

McKennaii the Magician (Demigod Conjurer)           Turns: 2008, Time: 00:03:46

Health: 0/33       AC:  2    Str:  8    XL:     4   Next: 41%
Magic:  9/13       EV: 12    Int: 24    God:
Gold:   94         SH:  0    Dex: 12    Spells: 8/11 levels left

rFire    . . .     SeeInvis .   (no weapon)
rCold    . . .     Faith    .   (no shield)
rNeg     . . .     Spirit   .   a - +0 robe
rPois    .         Reflect  .   (no helmet)
rElec    .         Harm     .   (no cloak)
rCorr    +         Rampage  .   (no gloves)
Will     .....                  (no boots)
Stlth    ++........             (no amulet)
HPRegen  0.11/turn              h - ring of wizardry
MPRegen  0.13/turn              j - ring of resist corrosion

@: lethally poisoned (0 -> -17), flying, invisible
A: high mp 1, forlorn
a: no special abilities


You were on level 1 of the Dungeon.
You visited 1 branch of the dungeon, and saw 2 of its levels.

You collected 94 gold pieces.

Inventory:

Armour
 a - a +0 robe (worn)
Jewellery
 h - a ring of wizardry (left hand)
 j - a ring of resist corrosion (right hand)
Scrolls
 b - a scroll of identify {unknown}
 c - a scroll of enchant weapon {unknown}
 g - 3 scrolls of vulnerability {unknown}


   Skills:
 - Level 1.7 Dodging
 - Level 1.7 Stealth
 + Level 4.2 Spellcasting
 - Level 3.6 Conjurations


You had 8 spell levels left.
You knew the following spells:

 Your Spells              Type           Power      Damage    Failure   Level
a - Magic Dart            Conj           88%        1d7       1%          1
b - Searing Ray           Conj           44%        3d4       1%          2

Your spell library contained the following spells:

 Spells                   Type           Power      Damage    Failure   Level
 Shock                    Conj/Air       52%        1d6       1%          1
 Animate Skeleton         Necr           10%        N/A       4%          1
 Apportation              Tloc           10%        N/A       4%          1
 Corona                   Hex            5%         N/A       4%          1
 Summon Small Mammal      Summ           20%        N/A       4%          1
 Dazzling Flash           Conj/Hex       26%        N/A       6%          3
 Call Canine Familiar     Summ           5%         N/A       12%         3
 Summon Guardian Golem    Hex/Summ       5%         N/A       12%         3
 Swiftness                Air            5%         N/A       12%         3
 Fulminant Prism          Conj/Hex       6%         3d7       17%         4
 Iskenderun's Mystic Bla  Conj/Tloc      13%        2d5       17%         4
 Airstrike                Air            2%         N/A       34%         4


Dungeon Overview and Level Annotations

Branches:
Dungeon (2/15)

Shops:
D:1 (   D:2 (

Annotations:
D:1 Terence


Innate Abilities, Weirdness & Mutations

Your attributes grow dramatically as you level up.
You have an increased reservoir of magic. (+10% MP)
You shall have no god before yourself.


Message History

You are more poisoned.
Unknown command.
It was a potion of curing.
You feel better.
You feel less invigorated.
Terence hits you with a +1 hand axe of venom.
Attack: -) Nothing wielded
Press: ? - help, Dir - move target, f - Terence
Aim: Terence, wielding a +1 hand axe of venom and wearing a +0 scale mail (moderately wounded, about 40% to evade your hands)
Okay, then.
Casting: Searing Ray (safe; 1% risk of failure)
Confirm with . or Enter, or press ? or * to list all spells.
Aiming: Searing Ray (safe; 1% risk of failure)
Press: ? - help, Shift-Dir - straight line, f - Terence
Aim: Terence, wielding a +1 hand axe of venom and wearing a +0 scale mail (moderately wounded, 81% to hit)
Okay, then.
You aren't carrying any items that you can evoke.
Casting: Searing Ray (safe; 1% risk of failure)
Confirm with . or Enter, or press ? or * to list all spells.
Aiming: Searing Ray (safe; 1% risk of failure)
Press: ? - help, Shift-Dir - straight line, f - Terence
Aim: Terence, wielding a +1 hand axe of venom and wearing a +0 scale mail (moderately wounded, 81% to hit)
The searing ray hits Terence.
Terence is moderately wounded. (Press . to maintain the ray.) Terence barely misses you.
The searing ray hits Terence.
Terence is heavily wounded.
Terence hits you with a +1 hand axe of venom!
* * * LOW HITPOINT WARNING * * *
You are lethally poisoned!
Unknown command.
The searing ray misses Terence.
* * * LOW HITPOINT WARNING * * *
You feel very sick.
Terence hits you with a +1 hand axe of venom.
* * * LOW HITPOINT WARNING * * *
You are more poisoned.
Unknown command.
It was a potion of invisibility.
You fade into invisibility!
You die...

###### #.#.#
.....# #.#.#
.....# #.#.#######
.....###.#.......#
.........#######.#
##.######## #.#
#........# #.#
##........# #.#
..........# #@#
..........# #@#
....###'########.#
...........).>##.#
.######..........#
..........########
♣♣♣♣♣♣♣...#
P..PP..♣..#
P..P...♣.##


You could see Terence.

Vanquished Creatures
  Jessica (D:2)
  2 gnolls (D:2)
  3 adders (D:2)
  A dart slug (D:1)
  3 endoplasms
  A giant cockroach (D:1)
  7 goblins
  4 hobgoblins
  2 quokkas (D:2)
  4 ball pythons
  A bat (D:2)
  5 frilled lizards
  6 kobolds
  A rat (D:1)
41 creatures vanquished.

Vanquished Creatures (others)
  13 demonic plants (D:2)
  8 fungi (D:2)
  7 plants (D:2)
  12 withered plants (D:2)
40 creatures vanquished.

Grand Total: 81 creatures vanquished

Notes
Turn   | Place    | Note
-------+----------+-------------------------------------------
     0 | D:1      | McKennaii the Demigod Conjurer began the quest for the Orb.
     0 | D:1      | Reached XP level 1. HP: 14/14 MP: 5/5
    84 | D:1      | Reached skill level 2 in Spellcasting
   336 | D:1      | Reached XP level 2. HP: 17/20 MP: 2/8
   518 | D:1      | Found Ogiploan's Antique Weapon Shoppe.
  1023 | D:2      | Noticed Terence
  1054 | D:2      | Reached skill level 3 in Spellcasting
  1270 | D:2      | Found Tucoq's Antique Weapon Emporium.
  1373 | D:2      | Learned a level 2 spell: Searing Ray
  1395 | D:2      | Reached XP level 3. HP: 26/26 MP: 7/10
  1419 | D:2      | Noticed Jessica
  1422 | D:2      | Killed Jessica
  1671 | D:2      | Reached XP level 4. HP: 33/33 MP: 7/12
  1722 | D:2      | Reached skill level 4 in Spellcasting
  2008 | D:1      | Succumbed to Terence's poison

Illustrated notes

Levels and vault maps discovered:
D:1:      scummos_arrival_checkerplants, layout_basic, serial_shops, shop,
          minmay_ruptured
D:2:      layout_basic, shapermc_ecumenical_altar_gd, serial_shops,
          nicolae_shop_window_shopping, nicolae_square_shop, uniq_jessica,
          uniq_terence, uniq_robin

Skill      XL: |  1  2  3  4 |
---------------+-------------+-----
Spellcasting   | 2 3 4 |  4.2
Dodging        | |  1.7
Stealth        | |  1.7
Conjurations   | |  3.6

Action                   |  1- 3 |  4- 6 || total
-------------------------+-------+-------++-------
 Cast: Magic Dart        |    77 |    13 ||    90
       Searing Ray       |       |     3 ||     3
  Use: Potion            |       |     4 ||     4
Armor: Robe              |     1 |     1 ||     2
Dodge: Dodged            |     9 |     9 ||    18
